 Dungeon Crawl Stone Soup version 0.28.0-47-ge53b351184 (webtiles) character file.

Game seed: 10600974825847215184

26789 101zpm the Eclecticist (level 13, -5/77 HPs)
             Began as a Djinni Fire Elementalist on May 1, 2022.
             Was a High Priest of Qazlal.
             Slain by a very large slime creature (48 damage)
             ... on level 12 of the Dungeon.
             The game lasted 01:12:29 (22780 turns).

101zpm the Eclecticist (Djinni Fire Elementalist)  Turns: 22780, Time: 01:12:30

Health: -5/77      AC: 11    Str:  7    XL:     13   Next: 60%
Gold:   1142       EV: 16    Int: 22    God:    Qazlal [*****.] SH:  6 Dex: 14

rFire   + + .      SeeInvis .   N - +5 trident (protect)
rCold   . . .      Faith    .   (no shield)
rNeg    . . .      Spirit   .   S - +0 troll leather armour
rPois   ∞          Reflect  .   D - +1 helmet
rElec   .          Harm     .   U - +0 cloak
rCorr   .          Rampage  .   (no gloves)
Will    ++...                   (boots unavailable)
Stlth   +.........              (no amulet)
HPRegen 1.02/turn               Q - ring "Kinkiy" {rC+ Will+}
MPRegen 0.00/turn               E - +4 ring of evasion

@: protected from physical damage, flying, repel missiles
A: sickness immunity, fire resistance 2, cold vulnerability 1, float, innate
caster, HP casting, extra vitality 1
a: Renounce Religion, Upheaval, Elemental Force, Disaster Area


You were on level 12 of the Dungeon.
You worshipped Qazlal.
Qazlal was extremely pleased with you.
You visited 3 branches of the dungeon, and saw 15 of its levels.
You also visited: Ossuary.

You collected 1142 gold pieces.

Inventory:

Hand Weapons
 G - a +7 short sword
 N - a +5 trident of protection (weapon)
Missiles
 w - 354 stones
 x - 34 poisoned darts
 C - 5 atropa-tipped darts
 V - 96 arrows
 W - 4 throwing nets
Armour
 l - a +1 leather armour of cold resistance
 D - a +1 helmet (worn)
 H - the +2 leather armour of Resilience {rCorr}
   (You found it on level 2 of the Lair of Beasts)

   rCorr:     It protects you from acid and corrosion.
 S - a +0 troll leather armour (worn)
 U - a +0 cloak (worn)
Jewellery
 b - a ring of positive energy
 v - a +6 ring of dexterity
 E - a +4 ring of evasion (right hand)
 P - a ring of ice
 Q - the ring "Kinkiy" (left hand) {rC+ Will+}
   (You found it on level 10 of the Dungeon)

   [ring of willpower]

   rC:        It protects you from cold.
   Will:      It increases your willpower.
 R - a +4 ring of evasion
 Z - a ring of wizardry
Wands
 j - a wand of flame (46)
 O - a wand of acid (3)
 T - a wand of polymorph (10)
 X - a wand of iceblast (13)
 Y - a wand of mindburst (9)
Scrolls
 c - a scroll of torment {unknown}
 f - 5 scrolls of teleportation {unknown}
 g - 3 scrolls of immolation {unknown}
 h - 2 scrolls of amnesia {unknown}
 k - 2 scrolls of brand weapon {unknown}
 p - 3 scrolls of magic mapping
 q - a scroll of noise {unknown}
 s - 3 scrolls of fear
 y - a scroll of enchant armour {unknown}
 B - 2 scrolls of blinking {unknown}
 F - 3 scrolls of holy word {unknown}
 K - 6 scrolls of enchant weapon
 M - 5 scrolls of identify
Potions
 a - 2 potions of cancellation {unknown}
 d - 5 potions of mutation {unknown}
 e - a potion of magic {unknown}
 i - 10 potions of curing
 m - a potion of might
 n - 5 potions of brilliance
 o - 3 potions of flight {unknown}
 r - 2 potions of resistance {unknown}
 t - 6 potions of haste
 u - 5 potions of lignification {unknown}
 z - 4 potions of heal wounds {unknown}
 A - a potion of attraction {unknown}
 I - a potion of berserk rage {unknown}
 J - a potion of invisibility {unknown}
 L - a potion of ambrosia {unknown}


   Skills:
 + Level 1.3 Fighting
 + Level 4.6 Armour
 + Level 3.6 Dodging
 + Level 3.5 Stealth
 + Level 1.8 Shields
 + Level 16.2 Spellcasting


You had 11 spell levels left.
You knew the following spells:

 Your Spells              Type           Power      Damage    Failure   Level
a - Foxfire               Conj/Fire      100%       2x1d9     0%          1
b - Scorch                Fire           100%       2d10      0%          2
c - Conjure Flame         Conj/Fire      73%        6-21      1%          3
d - Inner Flame           Hex/Fire       73%        N/A       1%          3
e - Flame Wave            Conj/Fire      73%        2d13      1%          4
f - Slow                  Hex            100%       N/A       0%          1
g - Poisonous Vapours     Pois/Air       100%       N/A       0%          2
h - Mephitic Cloud        Conj/Pois/Air  73%        N/A       1%          3
i - Olgreb's Toxic Radia  Pois           73%        N/A       1%          4
j - Silence               Hex/Air        36%        N/A       1%          5
k - Manifold Assault      Tloc           73%        N/A       1%          5
Your spell library was empty.

Dungeon Overview and Level Annotations

Branches:
Dungeon (12/15)            Temple (1/1) D:4            Lair (2/6) D:9
  Swamp (0/4) Lair:2          Orc (0/2) D:12        Ossuary (visited)
  Snake: Lair:2-4    Spider: Lair:2-4

Altars:
Ashenzari
Cheibriados
Dithmenos
Elyvilon
Fedhas
Gozag
Hepliaklqana
Kikubaaqudgha
Makhleb
Nemelex Xobeh
Okawaru
Qazlal
Ru
Sif Muna
Trog
Uskayaw
Vehumet
Wu Jian
Xom
Yredelemnul
Zin
The Shining One
Beogh

Shops:
D:3 !!?*!   D:4 [   D:12 *


Innate Abilities, Weirdness & Mutations

You are immune to sickness and miasma.
You are immune to poison.
Your flesh is very heat resistant. (rF++)
You are vulnerable to cold. (rC-)
You float through the air rather than walking.
You learn spells naturally, not from books.
Your magical power is your life essence.
You have superior vitality. (+4 MHP)


Message History

The deep elf pyromancer mumbles some strange words.
The deep elf pyromancer blinks!
Casting: Manifold Assault (safe; 1% risk of failure)
Confirm with . or Enter, or press ? or * to list all spells.
The fire begins to smoulder!
A shadow comes into view.
A slime creature comes into view.
The fire ignites!
Casting: Conjure Flame (safe; 1% risk of failure)
Confirm with . or Enter, or press ? or * to list all spells.
The fire begins to smoulder!
The very large slime creature is engulfed in blazing flames.
Flame seeps out of the very large slime creature.
Qazlal accepts your kill.
You feel a bit more experienced.
You hear an explosion!
The very large slime creature smothers the flame.
The slime creature is engulfed in blazing flames.
You conjure some foxfire!
A very large slime creature splits.
Two slime creatures merge to form a very large slime creature.
Your foxfire dissipates!
Your foxfire is engulfed in freezing vapours.
The foxfire hits the slime creature.
Flame seeps out of the slime creature.
The slime creature is moderately wounded.
The slime creature is engulfed in blazing flames.
The slime creature hits you!
You conjure some foxfire!
Your protection from physical attacks is fading.
The foxfire hits the slime creature.
Flame seeps out of the slime creature.
The slime creature is heavily wounded.
The foxfire hits the slime creature.
Flame seeps out of the slime creature.
The slime creature is heavily wounded.
The slime creature is engulfed in blazing flames.
Flame seeps out of the slime creature.
The shadow is engulfed in blazing flames.
You conjure some foxfire!
The slime creature hits you.
You feel more protected from physical attacks.
The slime creature is engulfed in blazing flames.
The very large slime creature hits you!!!
Ouch! That really hurt!
You die...

#.......##.#..........
#..........#.####'####
#......#...#.# #.# #............#
#.#### . #........#...# #..... ..
#......#.....######### ..>
#.....☼..#.#.#.....#.. !...
##♣...○v##.#.#.#.###.#.# .....
♣.∩.♣JJ@○..#.#.#.# #.#.#
......###.♣...Jv.###.#.#.# #.#.#
..}...'.§J.W.......#.#.#.# #.#.#
......########.#.#.#.#.#.###.#.#
##### #....................#.#
#.####.#.#.#.#.#.#####.# #.#
#.#.#.#.#...# #.# #
#.####.#.#.#.#.#######.#
##########......#.#.#.#.........#


You could see a very large slime creature (inner flame, ally target), 3 slime
creatures and a shadow.

Vanquished Creatures
  Josephine (D:12)
  Harold (D:11)
  4 hydras
  A boulder beetle (D:12)
  A two-headed ogre (D:10)
  Nergalle (Lair:1)
  A deep elf pyromancer (D:12)
  Pikel (D:6)
  A wizard (D:9)
  A manticore (D:9)
  A cyclops (D:11)
  A black mamba (Lair:2)
  3 centaur zombies
  A gargoyle (D:11)
  7 cane toads
  Maggie (D:7)
  2 unseen horrors
  Psyche (D:10)
  4 komodo dragons
  5 trolls
  2 tyrant leeches (Lair:2)
  A hornet (D:9)
  Grinder (D:6)
  2 shadows
  2 wyverns (D:9)
  5 wraiths
  A vampire (D:10)
  Eustachio (D:4)
  23 yaks
  Grum (D:11)
  3 basilisks
  2 steam dragons
  Menkaure (Ossuary)
  3 acid dragons
  4 water moccasins
  Duvessa (D:7)
  2 sky beasts (D:6)
  A swamp drake (D:9)
  7 orc warriors
  A necrophage (D:4)
  An ice beast (D:6)
  3 ogres
  8 wolves
  2 centaurs
  2 lemures (D:6)
  3 kobold brigands
  8 bullfrogs
  2 gnoll sergeants (D:8)
  A wyvern zombie (D:6)
  3 scorpions
  Dowan (D:7)
  5 killer bees (D:9)
  6 howler monkeys
  10 wights
  7 electric eels (D:10)
  7 hounds
  A jelly (D:6)
  5 orc priests
  2 bullfrog skeletons
  An iguana (D:5)
  12 orc wizards
  2 killer bee zombies
  3 mummies (Ossuary)
  A howler monkey zombie (D:9)
  12 gnolls
  6 adders
  A river rat (D:3)
  A white imp (D:3)
  An adder zombie (D:5)
  2 worms
  3 dart slugs
  52 orcs
  7 bats
  10 endoplasms
  2 giant cockroaches
  4 goblins
  5 hobgoblins
  11 jackals
  10 kobolds
  3 quokkas
  7 ball pythons
  7 frilled lizards
  4 gnoll skeletons (Ossuary)
  5 gnoll zombies (Ossuary)
  4 goblin skeletons (Ossuary)
  3 goblin zombies (Ossuary)
  5 hobgoblin skeletons (Ossuary)
  7 hobgoblin zombies (Ossuary)
  4 kobold skeletons (Ossuary)
  4 kobold zombies (Ossuary)
  4 orc skeletons (Ossuary)
  2 orc zombies (Ossuary)
  6 rats
  4 rat skeletons (Ossuary)
  4 rat zombies (Ossuary)
  8 foxfires
407 creatures vanquished.

Vanquished Creatures (collateral kills)
  10 foxfires
10 creatures vanquished.

Vanquished Creatures (others)
  A scorpion (D:4)
  An orc wizard (D:9)
  1882 foxfires
  12 fungi
  15 plants
1911 creatures vanquished.

Grand Total: 2328 creatures vanquished

Notes
Turn   | Place    | Note
-------+----------+-------------------------------------------
     0 | D:1      | 101zpm the Djinni Fire Elementalist began the quest for the
                  | Orb.
     0 | D:1      | Reached XP level 1. HP: 15/15 MP: 0/0
   340 | D:2      | Reached XP level 2. HP: 12/21 MP: 0/0
   623 | D:2      | Reached skill level 3 in Spellcasting
   635 | D:2      | Reached XP level 3. HP: 19/25 MP: 0/0
   635 | D:2      | Learned a level 1 spell: Slow
  1132 | D:2      | Reached XP level 4. HP: 22/31 MP: 0/0
  2020 | D:3      | Found Kouqutis's Magic Scroll Emporium.
  2131 | D:3      | Found Tood's Assorted Antiques.
  2252 | D:3      | Reached skill level 4 in Spellcasting
  2252 | D:3      | Reached XP level 5. HP: 21/35 MP: 0/0
  2252 | D:3      | Learned a level 2 spell: Poisonous Vapours
  2465 | D:3      | Found Rosh's Distillery.
  3377 | D:3      | Reached XP level 6. HP: 36/40 MP: 0/0
  3446 | D:3      | Found Wutek's Distillery.
  3450 | D:3      | Found Degys's Distillery.
  3643 | D:4      | Noticed Eustachio
  3656 | D:4      | Killed Eustachio
  3657 | D:4      | Reached skill level 5 in Spellcasting
  3877 | D:4      | Found a staircase to the Ecumenical Temple.
  3887 | Temple   | Entered the Ecumenical Temple
  3976 | Temple   | Became a worshipper of Qazlal Stormbringer
  4324 | D:4      | Noticed a necrophage
  4329 | D:4      | Killed a necrophage
  4330 | D:4      | Reached XP level 7. HP: 37/45 MP: 0/0
  4330 | D:4      | Learned a level 3 spell: Mephitic Cloud
  4454 | D:5      | Entered Level 5 of the Dungeon
  4626 | D:5      | Reached skill level 6 in Spellcasting
  5138 | D:5      | Reached XP level 8. HP: 44/50 MP: 0/0
  5809 | D:5      | Identified the +2 robe of Intuition {rC+ rN++ Will- Dex-5}
  5893 | D:6      | Reached skill level 7 in Spellcasting
  6323 | D:6      | Noticed Grinder
  6326 | D:6      | Killed Grinder
  6327 | D:6      | Reached skill level 8 in Spellcasting
  6327 | D:6      | Reached XP level 9. HP: 33/55 MP: 0/0
  6327 | D:6      | Learned a level 4 spell: Olgreb's Toxic Radiance
  6640 | D:6      | Reached skill level 1 in Armour
  6838 | D:6      | Reached * piety under Qazlal
  6867 | D:6      | Reached skill level 9 in Spellcasting
  7418 | D:6      | Noticed Pikel
  7430 | D:6      | Killed Pikel
  7567 | D:6      | Reached XP level 10. HP: 42/60 MP: 0/0
  8664 | D:4      | Found Ynogri's Armour Emporium.
  9962 | D:1      | Reached skill level 10 in Spellcasting
 10137 | D:1      | Found a faded altar of an unknown god.
 10697 | D:7      | Noticed Maggie
 10703 | D:7      | Killed Maggie
 10906 | D:7      | Noticed Duvessa
 10915 | D:7      | Killed Duvessa
 10916 | D:7      | Noticed Dowan
 11028 | D:8      | Found a sand-covered staircase.
 11159 | Ossuary  | Entered an ossuary
 11341 | Ossuary  | Reached ** piety under Qazlal
 12283 | Ossuary  | Noticed Menkaure
 12290 | Ossuary  | Killed Menkaure
 12422 | Ossuary  | Reached *** piety under Qazlal
 13396 | D:8      | Reached skill level 11 in Spellcasting
 14301 | D:9      | Reached XP level 11. HP: 46/65 MP: 0/0
 14301 | D:9      | Learned a level 5 spell: Silence
 14314 | D:10     | Entered Level 10 of the Dungeon
 14513 | D:9      | Reached **** piety under Qazlal
 14868 | D:9      | Noticed a manticore
 14873 | D:9      | Killed a manticore
 14874 | D:9      | Reached skill level 12 in Spellcasting
 14878 | D:9      | Noticed a wizard
 14883 | D:9      | Killed a wizard
 15395 | D:10     | Noticed Psyche
 16506 | D:9      | Found a staircase to the Lair.
 17392 | D:10     | Killed Psyche
 17721 | D:10     | Identified the ring "Kinkiy" {rC+ Will+}
 17741 | D:10     | Noticed a two-headed ogre
 17748 | D:10     | Killed a two-headed ogre
 17753 | D:10     | Reached skill level 13 in Spellcasting
 18112 | D:7      | Killed Dowan
 18822 | D:11     | Noticed Grum
 18824 | D:11     | Reached XP level 12. HP: 62/71 MP: 0/0
 18829 | D:11     | Noticed Harold
 18830 | D:11     | Killed Grum
 18842 | D:11     | Killed Harold
 19252 | D:11     | Reached skill level 14 in Spellcasting
 19490 | Lair:1   | Entered Level 1 of the Lair of Beasts
 19748 | Lair:1   | Noticed a six-headed hydra
 19756 | Lair:1   | Killed a six-headed hydra
 19770 | Lair:1   | Reached skill level 1 in Shields
 19923 | Lair:1   | Noticed Nergalle
 19928 | Lair:1   | Killed Nergalle
 19955 | Lair:1   | Noticed a six-headed hydra
 19964 | Lair:1   | Killed a six-headed hydra
 20481 | Lair:1   | Reached ***** piety under Qazlal
 20714 | Lair:2   | Reached skill level 15 in Spellcasting
 20780 | Lair:2   | Noticed a five-headed hydra
 20785 | Lair:2   | Killed a five-headed hydra
 20786 | Lair:2   | Reached XP level 13. HP: 63/76 MP: 0/0
 20786 | Lair:2   | Learned a level 5 spell: Manifold Assault
 20988 | Lair:2   | Identified the +2 leather armour of Resilience {rCorr}
 21192 | Lair:2   | Found a staircase to the Swamp.
 21273 | Lair:2   | Found a shimmering altar of Xom.
 22045 | D:12     | Noticed Josephine
 22049 | D:12     | Killed Josephine
 22057 | D:12     | Reached skill level 1 in Fighting
 22175 | D:12     | Noticed an eight-headed hydra
 22181 | D:12     | Killed an eight-headed hydra
 22182 | D:12     | Reached skill level 16 in Spellcasting
 22262 | D:12     | Found Ada Dytu's General Store.
 22458 | D:12     | Noticed a boulder beetle
 22469 | D:12     | Killed a boulder beetle
 22531 | D:12     | Found a staircase to the Orcish Mines.
 22780 | D:12     | Slain by a very large slime creature

Illustrated notes

Levels and vault maps discovered:
D:1:      dpeg_arrival_line_fractal, layout_basic,
          shapermc_ecumenical_altar_hornbeckon
D:2:      layout_rooms, minivault_19
D:3:      layout_rooms, serial_shops, nicolae_shop_stone, shop,
          nicolae_shop_trees, shop, shop, gup_sewer_entry_bubbles
D:4:      cheibrodos_old_hovel, layout_basic, minmay_temple_entry_nine_rooms,
          serial_shops, nicolae_shop_trees, lemuel_flame_loot_1, uniq_eustachio
D:5:      layout_basic, minmay_crystal_water
D:6:      layout_loops_corners, amcnicky_mini_rare_corridor_liquid,
          kennysheep_small_square, uniq_grinder, uniq_pikel
D:7:      layout_basic, mainiacjoe_overflow_cross_hatched, grunt_ministairs_10,
          hangedman_decor_peaks_small, uniq_maggie, uniq_duvessa
D:8:      layout_gridville, nicolae_ossuary_entry_monument
D:9:      minmay_ornate_pinched, layout_cave_pools, erik_lair_dragon,
          water_boxes_lemuel
D:10:     layout_basic, special_room [special_room_orc], uniq_psyche
D:11:     layout_rooms, uniq_harold, uniq_grum
D:12:     minmay_general_purpose_star, layout_basic, david_orc_2, serial_shops,
          nicolae_shop_trees, uniq_josephine
Temple:   mainiacjoe_temple_hex_bubbles
Lair:1:   layout_concentric_octagons, uniq_nergalle
Lair:2:   layout_layer_cave, minmay_swamp_entry_worms, basic_altar

Skill      XL: |  1  2  3  4  5  6  7  8  9 10 11 12 13 |
---------------+----------------------------------------+-----
Spellcasting   | 3 4 5 6 8 9 11 13 15 16 | 16.2
Stealth        | 2 3 |  3.5
Armour         | 1 3 4 |  4.6
Dodging        | 3 |  3.6
Shields        | 1 |  1.8
Fighting       | 1 |  1.3

Action                   |  1- 3 |  4- 6 |  7- 9 | 10-12 | 13-15 || total
-------------------------+-------+-------+-------+-------+-------++-------
Melee: Unarmed           |       |       |       |     1 |       ||     1
       Trident           |       |       |       |       |    17 ||    17
 Cast: Foxfire           |    68 |   216 |   138 |   640 |    97 ||  1159
       Scorch            |     1 |     7 |    24 |    68 |    37 ||   137
       Inner Flame       |       |     6 |    28 |   177 |    44 ||   255
       Poisonous Vapours |       |       |     4 |    15 |       ||    19
       Conjure Flame     |       |       |     3 |     1 |     4 ||     8
       Slow              |       |       |       |     4 |       ||     4
       Flame Wave        |       |       |       |     3 |       ||     3
       Mephitic Cloud    |       |       |       |     2 |       ||     2
       Manifold Assault  |       |       |       |       |     6 ||     6
       Olgreb's Toxic Ra |       |       |       |       |     2 ||     2
  Use: Scroll            |       |       |       |     5 |       ||     5
Armor: Robe              |       |     3 |       |       |       ||     3
       Leather armour    |       |       |     7 |    11 |       ||    18
       Skin              |       |       |       |     1 |       ||     1
       Troll leather arm |       |       |       |     2 |     5 ||     7
Dodge: Dodged            |     3 |     5 |    12 |    42 |    28 ||    90
       Repelled          |       |       |       |     5 |       ||     5
Block: Other             |       |       |       |     7 |     9 ||    16
